 Dungeon Crawl Stone Soup version 0.29-a0-284-gf9362112df (webtiles) character file.

Game seed: 13810715838287935655

41450 siradein the Black Sun (level 13, -8/115 HPs)
             Began as a Green Draconian Necromancer on Mar 25, 2022.
             Was a High Priest of Kikubaaqudgha.
             Mangled by Rupert
             ... wielding a +1 vorpal great sword
              (21 damage)
             ... on level 6 of the Lair of Beasts.
             The game lasted 00:58:24 (23593 turns).

siradein the Black Sun (DrNe)                      Turns: 23593, Time: 00:58:26

Health: -8/115     AC: 14    Str: 13    XL:     13   Next: 80%
Magic:  23/35      EV: 16    Int: 22    God:    Kikubaaqudgha [*****.]
Gold:   671        SH: 11    Dex: 18    Spells: 9/31 levels left

rFire   . . .      SeeInvis .   C - +3 broad axe "Nuc Ibriah" {flame, Str+3}
rCold   + . .      Faith    .   V - +0 kite shield
rNeg    . . .      Spirit   .   (body armour unavailable)
rPois   +          Reflect  .   (helmet restricted)
rElec   .          Harm     .   (no cloak)
rCorr   .          Rampage  .   y - +0 pair of gloves "Zukh" {rC+ Int+3 Dex+4 Slay+2}
Will    .....                   Q - +0 pair of boots
Stlth   ++........              (no amulet)
HPRegen 0.29/turn               F - ring of magical power
MPRegen 0.24/turn               v - +4 ring of protection

@: death channelling
A: breathe noxious fumes, AC +8, unfitting armour, poison resistance,
cold-blooded
a: Breathe Noxious Fumes, Renounce Religion, Receive Corpses, Torment


You were on level 6 of the Lair of Beasts.
You worshipped Kikubaaqudgha.
Kikubaaqudgha was extremely pleased with you.
You visited 3 branches of the dungeon, and saw 18 of its levels.

You collected 1061 gold pieces.
You spent 390 gold pieces at shops.

Inventory:

Hand Weapons
 g - a +2 dagger of venom
 m - a +2 flail of holy wrath
 C - the +3 broad axe "Nuc Ibriah" (weapon) {flame, Str+3}
   (You bought it in a shop on level 1 of the Dungeon)

   It burns those it strikes, dealing additional fire damage.
   Big, fiery blades are also staple armaments of hydra-hunters.
   Str:       It affects your strength (+3).
Missiles
 x - 2 curare-tipped darts
 A - 2 throwing nets
Armour
 y - the +0 pair of gloves "Zukh" (worn) {rC+ Int+3 Dex+4 Slay+2}
   (You found it on level 7 of the Dungeon)

   Int:       It affects your intelligence (+3).
   Dex:       It affects your dexterity (+4).
   Slay:      It affects your accuracy & damage with ranged weapons and melee
   (+2).
   rC:        It protects you from cold.
 Q - a +0 pair of boots (worn)
 V - a +0 kite shield (worn)
Jewellery
 d - a ring of protection from cold
 u - a +6 ring of strength
 v - a +4 ring of protection (right hand)
 B - a ring of willpower
 F - a ring of magical power (left hand)
 N - an amulet of faith
 P - a ring of ice
Wands
 o - a wand of iceblast (40)
 p - a wand of digging (4)
 E - a wand of polymorph (4)
 I - a wand of mindburst (6)
 M - a wand of paralysis (6)
 S - a wand of flame (5)
 T - a wand of acid (4)
Scrolls
 c - 3 scrolls of amnesia
 i - 2 scrolls of fog
 j - 2 scrolls of magic mapping
 k - 4 scrolls of teleportation {unknown}
 n - 4 scrolls of enchant armour {unknown}
 H - 2 scrolls of brand weapon {unknown}
 K - 2 scrolls of immolation
 O - a scroll of blinking {unknown}
 R - a scroll of torment {unknown}
 U - a scroll of silence {unknown}
Potions
 a - a potion of magic
 b - 4 potions of attraction
 e - 12 potions of curing
 f - 6 potions of lignification
 h - 2 potions of mutation
 l - a potion of ambrosia
 q - a potion of cancellation {unknown}
 r - a potion of haste {unknown}
 t - a potion of resistance
 w - a potion of invisibility {unknown}
 z - a potion of heal wounds {unknown}
 D - a potion of flight {unknown}
 J - 4 potions of brilliance {unknown}
 L - 2 potions of might {unknown}
 W - a potion of degeneration {unknown}
Miscellaneous
 G - a phial of floods


   Skills:
 + Level 10.9 Fighting
 + Level 8.3 Axes
 + Level 9.5 Dodging
 - Level 1.7 Stealth
 + Level 8.1 Shields
 + Level 9.5 Spellcasting
 + Level 12.8 Necromancy
 + Level 3.4 Evocations


You had 9 spell levels left.
You knew the following spells:

 Your Spells              Type           Power      Damage    Failure   Level
a - Vampiric Draining     Necr           61%        2d10      1%          3
b - Animate Dead          Necr           30%        N/A       1%          4
c - Dispel Undead         Necr           61%        3d21      1%          4
d - Death Channel         Necr           30%        N/A       12%         6
e - Pain                  Necr           100%       1d9       1%          1
f - Anguish               Hex/Necr       19%        N/A       11%         4

Your spell library contained the following spells:

 Spells                   Type           Power      Damage    Failure   Level
 Animate Skeleton         Necr           100%       N/A       1%          1
 Sublimation of Blood     Necr           61%        N/A       1%          2
 Agony                    Necr           61%        N/A       2%          5
 Excruciating Wounds      Necr           30%        N/A       2%          5
 Scorch                   Fire           20%        2d6       24%         2
 Ozocubu's Armour         Ice            10%        N/A       43%         3
 Flame Wave               Conj/Fire      10%        2d5       83%         4
 Petrify                  Tmut/Erth      10%        N/A       83%         4
 Fireball                 Conj/Fire      5%         3d5       99%         5
 Irradiate                Conj/Tmut      5%         3d15      99%         5
 Iskenderun's Battlesphe  Conj           10%        2d6       99%         5
 Conjure Ball Lightning   Conj/Air       5%         3x3d6     100%        6
 Summon Cactus Giant      Summ           5%         N/A       100%        6
 Orb of Destruction       Conj           5%         9d5       100%        7
 Ozocubu's Refrigeration  Ice            5%         4d6       100%        7


Dungeon Overview and Level Annotations

Branches:
Dungeon (11/15)            Temple (1/1) D:5            Lair (6/6) D:9
 Shoals (0/4) Lair:2       Spider (0/4) Lair:3        Slime (0/5) Lair:5
    Orc (0/2) D:9

Altars:
Ashenzari
Cheibriados
Dithmenos
Elyvilon
Fedhas
Gozag
Hepliaklqana
Kikubaaqudgha
Makhleb
Nemelex Xobeh
Okawaru
Qazlal
Ru
Sif Muna
Trog
Uskayaw
Vehumet
Wu Jian
Xom
Yredelemnul
Zin
The Shining One

Shops:
D:1 (

Portals:
Abyss: D:5

Annotations:
D:5 2 transporters, pigah's ghost, novice OpAE
D:6 2 transporters
Lair:5 2 transporters, sokol815's ghost, journeyman DjGl
Lair:6 Rupert


Innate Abilities, Weirdness & Mutations

You can breathe blasts of noxious fumes.
Your lurid green scales are hard. (AC +8)
You cannot fit into any form of body armour.
Your system is resistant to poisons. (rPois)
You are cold-blooded and may be slowed by cold attacks.


Message History

You feel sick.
A nearby fungus withers and dies.
Your spectral water moccasin bites the bullfrog.
The bullfrog hits your spectral water moccasin.
Your spectral bullfrog hits Rupert.
Your spectral bullfrog drains Rupert.
Rupert hits your spectral bullfrog with a +1 vorpal great sword!!
Your spectral bullfrog is destroyed!
Your bullfrog zombie hits Rupert.
Your spectral water moccasin closely misses the bullfrog.
The vampire mosquito closely misses you.
The bullfrog hits your spectral water moccasin but does no damage.
You barely miss the vampire mosquito.
The vampire mosquito is moderately damaged.
You feel sick.
You block the vampire mosquito's attack.
Rupert hits your bullfrog zombie with a +1 vorpal great sword!!!
Your bullfrog zombie is destroyed!
Your spectral water moccasin bites the bullfrog.
The bullfrog barely misses your spectral water moccasin.
The vampire mosquito misses you.
The bullfrog closely misses your spectral water moccasin.
Unknown command.
Unknown command.
You slice the vampire mosquito!! You burn the vampire mosquito.
You destroy the vampire mosquito!
Kikubaaqudgha accepts your kill.
You feel sick.
You are no longer poisoned.
Your spectral water moccasin bites Rupert.
The bullfrog hits your spectral water moccasin.
You block Rupert's attack.
The bullfrog hits your spectral water moccasin.
Your spectral water moccasin bites the bullfrog.
Unknown command.
As you read the scroll of summoning, it crumbles to dust.
Wisps of shadow whirl around you... You block Rupert's attack.
The bullfrog hits your spectral water moccasin.
Your spectral water moccasin closely misses the bullfrog.
Rupert hits you with a +1 vorpal great sword!!
You die...
Kikubaaqudgha rasps: "You have failed me!
Welcome... death!"

....P.... ...##
..P.....##....#
........P#.:.##
........P..P..#
..............#
......)......#
......FZ...D.#
........@@l..##
..............#
....P..lY.Y...#
....#.#.#.YY..#
...#.#####....#
..##### ##....#
.##.#.###.....#
##)....###....#
#.......#.....#


You could see Rupert (berserk, drained, ally target), a bullfrog (distracted,
drained, ally target), a friendly eight-headed hydra (summoned), 4 friendly
elephants, a friendly komodo dragon (summoned), a friendly spectral water
moccasin and a friendly basilisk (summoned).

Vanquished Creatures
  An azure jelly (Lair:6)
  Snorg (Lair:3)
  5 hydras
  A boulder beetle (Lair:4)
  Erica (D:8)
  3 two-headed ogres
  A death yak (Lair:6)
  Amaemon (D:11)
  A necromancer (Lair:3)
  Pikel (D:4)
  A wolf spider (Lair:3)
  An ugly thing (D:11)
  5 black mambas
  4 elephants (Lair:5)
  8 cane toads
  2 rime drakes
  Psyche (D:9)
  An unseen horror (D:11)
  A freezing wraith (D:10)
  3 komodo dragons
  A hornet (D:8)
  A polar bear (Lair:2)
  Prince Ribbit (D:5)
  3 slime creatures (Lair:6)
  A spriggan (Lair:2)
  A jumping spider (Lair:3)
  A vampire (D:11)
  2 shadows (D:11)
  A wraith (D:9)
  3 wyverns
  2 basilisks
  37 yaks
  2 vampire mosquitoes (Lair:6)
  A redback (Lair:3)
  A steam dragon (Lair:5)
  3 acid dragons
  A swamp worm (Lair:5)
  Edmund (D:4)
  9 water moccasins
  3 orc warriors
  A black bear (Lair:2)
  4 ice beasts
  18 wolves
  3 ogres
  4 centaurs
  A lemure (D:4)
  3 phantoms
  2 kobold brigands (D:8)
  15 bullfrogs
  4 scorpions
  A necrophage (D:6)
  2 gnoll sergeants (D:7)
  5 wights (D:10)
  A troll zombie (D:9)
  12 killer bees
  An electric eel (Lair:5)
  2 howler monkeys
  9 jellies
  A hound (D:4)
  11 orc priests
  3 iguanas
  Ijyb (D:4)
  12 orc wizards
  A polar bear simulacrum (Lair:3)
  3 spriggan simulacra (D:11)
  2 troll simulacra (D:11)
  2 yak simulacra (Lair:3)
  3 wolf simulacra (Lair:3)
  7 ogre zombies (D:9)
  Robin (D:4)
  10 gnolls
  4 adders
  A naga simulacrum (D:11)
  A shadow imp (D:7)
  An ufetubus (D:6)
  3 worms
  2 dart slugs (D:2)
  30 orcs
  7 ball pythons
  6 bats
  14 endoplasms
  2 giant cockroaches
  15 goblins
  8 hobgoblins
  5 jackals (D:1)
  20 kobolds
  4 quokkas
  7 frilled lizards
  A goblin zombie (D:9)
  2 hobgoblin skeletons (D:9)
  4 hobgoblin zombies (D:9)
  6 orc skeletons (D:9)
  12 orc zombies (D:9)
  4 rats (D:1)
  2 river rat simulacra (Lair:3)
424 creatures vanquished.

Vanquished Creatures (collateral kills)
  A wolf spider (Lair:3)
  4 elephants (Lair:5)
  Maggie (Lair:1)
  A komodo dragon (Lair:5)
  A polar bear (Lair:4)
  A slime creature (Lair:6)
  A wyvern (Lair:2)
  15 yaks
  A redback (Lair:3)
  Grum (D:8)
  5 wolves (Lair:4)
  3 centaurs (Lair:2)
  2 bullfrogs (Lair:2)
  A gnoll sergeant (D:10)
  2 jellies
  2 yak simulacra (Lair:3)
  A wolf simulacrum (Lair:3)
  4 gnolls
47 creatures vanquished.

Vanquished Creatures (others)
  An orange demon (D:11)
  A killer bee (D:9)
  2 electric eels (D:10)
  3 bushes (Lair:6)
  71 fungi
  126 plants
204 creatures vanquished.

Grand Total: 675 creatures vanquished

Notes
Turn   | Place    | Note
-------+----------+-------------------------------------------
     0 | D:1      | siradein the Draconian Necromancer began the quest for the
                  | Orb.
     0 | D:1      | Reached XP level 1. HP: 14/14 MP: 3/3
   249 | D:1      | Reached XP level 2. HP: 13/22 MP: 5/5
   528 | D:1      | Reached skill level 1 in Fighting
   738 | D:1      | Found a faded altar of an unknown god.
   990 | D:1      | Reached XP level 3. HP: 27/28 MP: 4/6
   994 | D:1      | Learned a level 3 spell: Vampiric Draining
  1531 | D:1      | Found Bautu's Weapon Shoppe.
  3092 | D:3      | Reached XP level 4. HP: 36/36 MP: 7/7
  3613 | D:3      | Reached XP level 5. HP: 17/41 MP: 9/9
  3895 | D:4      | Reached skill level 5 in Necromancy
  3929 | D:4      | Noticed Robin
  3966 | D:4      | Killed Robin
  4219 | D:4      | Reached XP level 6. HP: 22/50 MP: 10/10
  4416 | D:4      | Noticed Edmund
  4434 | D:4      | Killed Edmund
  4842 | D:4      | Noticed Ijyb
  4858 | D:4      | Killed Ijyb
  4871 | D:4      | Noticed Pikel
  4913 | D:4      | Killed Pikel
  4914 | D:4      | Reached skill level 6 in Necromancy
  4914 | D:4      | Your scales start taking on a lurid green colour.
  4914 | D:4      | Reached XP level 7. HP: 20/59 MP: 2/13
  4914 | D:4      | Gained mutation: Your system is resistant to poisons.
                  | (rPois) [Green Draconian growth]
  5307 | D:4      | Reached skill level 7 in Necromancy
  5307 | D:4      | Reached XP level 8. HP: 48/67 MP: 7/14
  5312 | D:4      | Learned a level 4 spell: Animate Dead
  6509 | D:5      | Entered Level 5 of the Dungeon
  6539 | D:5      | Found a staircase to the Ecumenical Temple.
  6554 | Temple   | Entered the Ecumenical Temple
  6731 | Temple   | Became a worshipper of Kikubaaqudgha
  6766 | D:5      | Noticed Prince Ribbit
  6773 | D:5      | Killed Prince Ribbit
  6774 | D:5      | Reached skill level 5 in Fighting
  6854 | D:5      | Reached skill level 8 in Necromancy
  7050 | D:5      | Reached skill level 5 in Spellcasting
  7376 | D:5      | Noticed pigah's ghost (novice OpAE)
  7410 | D:5      | Found a transporter.
  7414 | D:5      | Found a transporter.
  7423 | D:5      | Found a one-way gate to the infinite horrors of the Abyss.
  7837 | D:6      | Reached skill level 5 in Dodging
  8064 | D:6      | Reached XP level 9. HP: 70/74 MP: 16/16
  8170 | D:6      | Found a transporter.
  8243 | D:6      | Found a transporter.
  8320 | D:6      | Reached * piety under Kikubaaqudgha
  8320 | D:6      | Received a gift from Kikubaaqudgha
  8704 | D:7      | Identified the +0 pair of gloves "Zukh" {rC+ Int+3 Dex+4
                  | Slay+2}
  9159 | D:1      | Bought the +3 broad axe "Nuc Ibriah" {flame, Str+3} for 390
                  | gold pieces
  9456 | D:7      | Reached skill level 9 in Necromancy
  9626 | D:7      | Found a hide-covered altar of Uskayaw.
  9783 | D:8      | Reached skill level 1 in Axes
  9815 | D:8      | Noticed Erica
  9844 | D:8      | Killed Erica
  9845 | D:8      | Reached skill level 1 in Shields
 10197 | D:8      | Reached ** piety under Kikubaaqudgha
 10533 | D:8      | Reached XP level 10. HP: 73/84 MP: 19/19
 10612 | D:8      | Noticed Grum
 10641 | D:8      | Reached skill level 10 in Necromancy
 10655 | D:8      | Killed Grum
 11219 | D:8      | Noticed a lindwurm
 11238 | D:8      | Noticed a lindwurm
 11270 | D:8      | Noticed a lindwurm
 11270 | D:8      | Noticed a lindwurm
 11421 | D:9      | Noticed Psyche
 11431 | D:9      | Killed Psyche
 11578 | D:9      | Found a blossoming altar of Fedhas.
 11578 | D:9      | Found a snail-covered altar of Cheibriados.
 11579 | D:9      | Noticed a two-headed ogre
 11599 | D:9      | Killed a two-headed ogre
 11861 | D:9      | Reached *** piety under Kikubaaqudgha
 11861 | D:9      | Received a gift from Kikubaaqudgha
 12191 | D:8      | Learned a level 4 spell: Dispel Undead
 12198 | D:8      | Learned a level 6 spell: Death Channel
 12300 | D:9      | Found a staircase to the Orcish Mines.
 12315 | D:9      | Noticed a two-headed ogre
 12339 | D:9      | Killed a two-headed ogre
 12340 | D:9      | Reached XP level 11. HP: 55/94 MP: 20/21
 12558 | D:9      | Found a staircase to the Lair.
 12708 | D:10     | Entered Level 10 of the Dungeon
 12791 | D:10     | Reached skill level 11 in Necromancy
 12801 | D:10     | Reached **** piety under Kikubaaqudgha
 13245 | D:10     | Noticed a two-headed ogre
 13257 | D:10     | Killed a two-headed ogre
 13599 | D:10     | Reached skill level 5 in Axes
 13786 | D:10     | Reached skill level 5 in Shields
 14342 | D:10     | Found an iron altar of Okawaru.
 14910 | D:11     | Noticed Amaemon
 14923 | D:11     | Killed Amaemon
 15052 | D:11     | Noticed a white ugly thing
 15063 | D:11     | Killed a white ugly thing
 15218 | D:11     | Noticed a four-headed hydra
 15226 | D:11     | Killed a one-headed hydra
 15337 | D:11     | Reached XP level 12. HP: 88/103 MP: 23/23
 16075 | Lair:1   | Entered Level 1 of the Lair of Beasts
 16132 | Lair:1   | Reached ***** piety under Kikubaaqudgha
 16246 | Lair:1   | Noticed Maggie
 16258 | Lair:1   | Killed Maggie
 16620 | Lair:1   | Learned a level 4 spell: Anguish
 17640 | Lair:2   | Noticed a four-headed hydra
 17651 | Lair:2   | Killed a one-headed hydra
 17724 | Lair:2   | You fall into a shaft and drop 2 floors!
 17741 | Lair:4   | Reached skill level 12 in Necromancy
 17972 | Lair:4   | Noticed a boulder beetle
 17990 | Lair:4   | Killed a boulder beetle
 18499 | Lair:2   | Found a staircase to the Shoals.
 19133 | Lair:3   | Noticed Snorg
 19148 | Lair:3   | HP: 2/106 [Snorg (5)]
 19160 | Lair:3   | Killed Snorg
 19161 | Lair:3   | Reached skill level 10 in Fighting
 19348 | Lair:3   | Noticed an eight-headed hydra
 19359 | Lair:3   | Killed a five-headed hydra
 19880 | Lair:3   | Reached XP level 13. HP: 113/113 MP: 25/25
 20132 | Lair:3   | Reached skill level 1 in Evocations
 20343 | Lair:3   | Found a hole to the Spider Nest.
 21419 | Lair:5   | Found a transporter.
 21424 | Lair:5   | Found a transporter.
 21424 | Lair:5   | Noticed sokol815's ghost (journeyman DjGl)
 21468 | Lair:5   | Found a staircase to the Slime Pits.
 22912 | Lair:5   | HP: 1/114 [death yak (22)]
 22913 | Lair:6   | Entered Level 6 of the Lair of Beasts
 23164 | Lair:6   | Noticed an azure jelly
 23180 | Lair:6   | Killed an azure jelly
 23580 | Lair:6   | Noticed Rupert
 23593 | Lair:6   | Mangled by Rupert

Illustrated notes

Levels and vault maps discovered:
D:1:      roderic_crop_circles_arrival_small, layout_loops_corners,
          ebering_ecumenical_altar_petrified, serial_shops,
          nicolae_shop_bloodbath_and_beyond, st_stairs_11, minmay_misc_feat_chi
D:2:      layout_rooms
D:3:      layout_basic, kennysheep_doodads
D:4:      layout_layer_cave, lightli_corner_chamber, uniq_edmund, uniq_ijyb,
          uniq_robin, uniq_pikel
D:5:      layout_layer_cave, minmay_temple_entry_junction, serial_glass,
          glass_columns_a, glass_columns_b, item_on_display_a,
          minmay_strange_pillars, item_on_display_a, due_unseen_surprise,
          gammafunk_ghost_abyssal_escape, uniq_prince_ribbit1
D:6:      gammafunk_cloud_chamber, layout_loops_ring, kennysheep_big_empty_room
D:7:      layout_cave_pools, general_overflow_altar
D:8:      layout_loops_corners, minmay_lindwurm_lava, uniq_grum, uniq_erica
D:9:      layout_roguey, chequers_temple_overflow_statue_of_worship,
          lair_entry_dummy, zombieorc2_lemuel, uniq_psyche
D:10:     layout_irregular_city, kennysheep_mini_moat, kennysheep_island_fort
D:11:     layout_roguey, portal_ice_cave_entry_ice_simulacra,
          hangedman_decor_slide_cut, serial_park_tiny_pond, uniq_amaemon
Temple:   dpeg_five_rooms_temple
Lair:1:   layout_misc_corridors, uniq_maggie
Lair:2:   layout_regular_city, minmay_shoals_entry_centaurs,
          grunt_forest_stairs_clearing
Lair:3:   layout_small_grid, spider_nest_entry_funnel_web,
          chequers_serial_rivers_room_a, eino_house_with_fridge, uniq_snorg
Lair:4:   layout_big_grid, infiniplex_staircase_pool
Lair:5:   pond_and_an_island_with_a_cottage, layout_small_grid,
          nicolae_slime_entry_slimehenge, gammafunk_ghost_arena, st_stairs_6,
          worms_lemuel
Lair:6:   minmay_lair_end_frog_pond, layout_long_grid,
          nicolae_lair_time_for_slime, uniq_urug, uniq_rupert

Skill      XL: |  1  2  3  4  5  6  7  8  9 10 11 12 13 |
---------------+----------------------------------------+-----
Dodging        | 2 3 4 5 6 7 8 9 |  9.5
Fighting       | 1 2 4 5 6 7 8 10 | 10.9
Spellcasting   | 3 4 5 6 7 8 9 |  9.5
Necromancy     | 5 6 7 8 9 10 11 12 | 12.8
Axes           | 2 4 5 7 8 |  8.3
Shields        | 2 4 5 7 8 |  8.1
Evocations     | 3 |  3.4
Stealth        | |  1.7

Action                   |  1- 3 |  4- 6 |  7- 9 | 10-12 | 13-15 || total
-------------------------+-------+-------+-------+-------+-------++-------
Melee: Whip              |    70 |       |       |       |       ||    70
       Tailslap          |    11 |    17 |    40 |    83 |    51 ||   202
       Dagger            |    39 |   120 |   158 |       |       ||   317
       Punch             |       |     2 |     4 |       |       ||     6
       Flail             |       |    16 |    14 |       |       ||    30
       Broad axe         |       |       |    79 |   429 |   180 ||   688
 Fire: Hunting sling     |    32 |       |       |       |       ||    32
 Cast: Pain              |    19 |       |       |       |       ||    19
       Vampiric Draining |       |     6 |    29 |    79 |    56 ||   170
       Animate Dead      |       |       |     3 |    21 |     9 ||    33
       Dispel Undead     |       |       |       |    10 |       ||    10
       Death Channel     |       |       |       |     6 |    10 ||    16
       Anguish           |       |       |       |       |     2 ||     2
Invok: Receive Corpses   |       |       |       |     1 |     1 ||     2
 Abil: Breathe Noxious F |       |       |    13 |    28 |     5 ||    46
Evoke: Wand              |       |       |     1 |       |       ||     1
  Use: Scroll            |       |     3 |     4 |     7 |     1 ||    15
 Stab: Sleeping          |     3 |       |     4 |     3 |       ||    10
       Confused          |       |       |     5 |    22 |     4 ||    31
       Distracted        |       |       |     1 |     2 |     3 ||     6
Armor: Skin              |    57 |    48 |   114 |   205 |   105 ||   529
Dodge: Dodged            |   106 |    89 |   178 |   519 |   197 ||  1089
Block: Buckler           |       |       |    14 |   213 |    28 ||   255
       Kite shield       |       |       |       |       |   159 ||   159

Table legend: (Time is in decaauts)
 A = Elapsed time spent in this place.
 B = Non-inter-level travel time spent in this place.
 C = Inter-level travel time spent in this place.
 D = Time resting spent in this place.
 E = Time spent auto-exploring this place.
 F = Levels seen in this place.
 G = Mean time per level.
                   A        B        C        D        E       F      G
               +--------+--------+--------+--------+--------+-----+--------+
         Total |  23947 |  23193 |    754 |   2067 |  17322 |  18 | 1330.4 |
       Dungeon |  16114 |  15462 |    652 |   1089 |  11820 |  11 | 1464.9 |
        Temple |    207 |    207 |      0 |      0 |    165 |   1 |  207.0 |
          Lair |   7625 |   7524 |    101 |    978 |   5336 |   6 | 1270.8 |
               +--------+--------+--------+--------+--------+-----+--------+

Top non-repeatable levels by time:
     D:4: 2737 daAuts
     D:1: 2297 daAuts
     D:8: 1881 daAuts
  Lair:5: 1735 daAuts
  Lair:3: 1728 daAuts
    D:10: 1658 daAuts
     D:9: 1481 daAuts
    D:11: 1473 daAuts
  Lair:1: 1227 daAuts
  Lair:2: 1191 daAuts
     D:5: 1139 daAuts
  Lair:4: 1053 daAuts
     D:6: 884 daAuts
     D:7: 865 daAuts
     D:2: 862 daAuts
